 Dungeon Crawl Stone Soup version 0.21.0-3-g78d12a8 (webtiles) character file.

97141 letownia2 the Brawler (level 16, -7/101 HPs)
             Began as a Gargoyle Fighter on Jan 9, 2018.
             Was an Initiate of Gozag.
             Mangled by a sun demon (18 damage)
             ... summoned by Frances
             ... on level 2 of the Shoals.
             The game lasted 01:09:06 (25465 turns).

letownia2 the Brawler (Gargoyle Fighter)           Turns: 25465, Time: 01:09:06

Health: -7/101     AC: 27    Str: 20    XL:     16   Next: 18%
Magic:  26/26      EV: 12    Int: 16    God:    Gozag
Gold:   2094       SH: 20    Dex:  9    Spells: 8/29 levels left

rFire    . . .     SeeInvis .     - Unarmed
rCold    + . .     Gourm    .   O - +7 shield of Wrong Decisions {Regen+ Str-3 Int+3}
rNeg     + . .     Faith    .   g - quicksilver dragon scales
rPois    ∞         Spirit   .   (no helmet)
rElec    +         Reflect  .   J - +1 cloak
rCorr    .         Harm     .   C - +0 pair of gloves
MR       ++...                  (no boots)
Stlth    ..........             u - amulet of magic regeneration
HPRegen  0.66/turn              Q - ring of protection from cold
MPRegen  0.45/turn              L - ring of wizardry

@: gold aura, flying, hasted, very quick
A: big wings, blurry vision 1, negative energy resistance 1, electricity
resistance, unbreathing, petrification resistance, rot immunity, AC +12
a: Stop Flying, Potion Petition, Call Merchant, Bribe Branch, Renounce Religion


You were on level 2 of the Shoals.
You worshipped Gozag.
Gozag was most pleased with you.
You were full.

You visited 5 branches of the dungeon, and saw 26 of its levels.

You collected 8349 gold pieces.
You spent 768 gold pieces at shops.
You paid 5487 gold pieces to Gozag.

Inventory:

Missiles
 t - 41 javelins (quivered)
 N - 5 throwing nets
Armour
 g - quicksilver dragon scales (worn)
 p - the +0 helmet of Sohisio {+Inv rElec Regen+ Int-4}
   (You bought it in a shop on level 2 of the Lair of Beasts)

   It affects your intelligence (-4).
   It insulates you from electricity.
   It lets you turn invisible.
   It increases your rate of regeneration.
 q - a +1 leather armour of fire resistance
 C - a +0 pair of gloves (worn)
 J - a +1 cloak (worn)
 K - the +2 buckler of Qoeniriz {Int+4 Dex+8}
   (You found it on level 1 of the Shoals)

   It affects your intelligence (+4).
   It affects your dexterity (+8).
 O - the +7 shield of Wrong Decisions (worn) {Regen+ Str-3 Int+3}
   (You found it on level 12 of the Dungeon)

   It affects your strength (-3).
   It affects your intelligence (+3).
   It increases your rate of regeneration.
Jewellery
 u - an amulet of magic regeneration (around neck)
 y - an uncursed ring of protection from cold
 L - a ring of wizardry (right hand)
 Q - a ring of protection from cold (left hand)
 V - an uncursed ring of protection from magic
Wands
 a - a wand of digging (33)
 m - a wand of iceblast (25)
 D - a wand of clouds (7)
 H - a wand of paralysis (22)
 M - a wand of flame (53)
 U - a wand of polymorph (13)
Scrolls
 i - 13 scrolls of identify
 j - 5 scrolls of magic mapping
 k - a scroll of noise {unknown}
 l - 9 scrolls of teleportation
 n - 2 scrolls of fog {unknown}
 o - 10 scrolls of remove curse
 r - 6 scrolls of blinking
 s - a scroll of amnesia {unknown}
 E - 2 scrolls of vulnerability {unknown}
 F - 3 scrolls of immolation
 I - a scroll of silence {unknown}
 P - a scroll of acquirement {unknown}
 R - 2 scrolls of torment {unknown}
 S - a scroll of brand weapon {unknown}
 T - 2 scrolls of summoning {unknown}
Potions
 b - a potion of berserk rage
 c - 3 potions of might
 f - 4 potions of agility
 h - 7 potions of brilliance
 v - 3 potions of magic
 w - 3 potions of flight
 x - 6 potions of mutation
 z - 8 potions of curing
 A - 4 potions of haste
 B - 4 potions of heal wounds
 G - 5 potions of lignification
Miscellaneous
 W - a lamp of fire
 X - a phial of floods
Comestibles
 d - 42 rations


   Skills:
 - Level 12.3 Fighting
 - Level 7.2 Armour
 - Level 4.2 Dodging
 - Level 15.1 Shields
 + Level 17.1 Unarmed Combat
 - Level 7.1 Spellcasting
 - Level 2.0 Hexes
 - Level 5.0 Charms
 - Level 2.2 Necromancy
 - Level 2.5 Translocations
 - Level 3.0 Evocations


You had 8 spell levels left.
You knew the following spells:

 Your Spells              Type           Power        Failure   Level  Hunger
a - Airstrike             Air            #.........   56%         4    ####...
d - Confusing Touch       Hex            ##....       3%          1    None
g - Regeneration          Chrm/Necr      ###.......   5%          3    ##.....
j - Portal Projectile     Hex/Tloc       ##....       9%          3    ##.....
l - Song of Slaying       Chrm           ###.....     1%          2    None
o - Shock                 Conj/Air       #...         8%          1    None
s - Swiftness             Chrm/Air       ##......     4%          2    None
t - Shroud of Golubria    Chrm/Tloc      ###.......   2%          2    None
x - Spectral Weapon       Hex/Chrm       ###.....     6%          3    ##.....


Dungeon Overview and Level Annotations

Branches:
Dungeon (15/15)            Temple (1/1) D:4            Lair (6/6) D:11
 Shoals (2/4) Lair:3        Snake (0/4) Lair:2        Slime (0/5) Lair:6
    Orc (2/2) D:10            Elf (0/3) Orc:2        Vaults (0/5) D:13
 Depths (0/5) D:15

Altars:
Ashenzari
Cheibriados
Elyvilon
Fedhas
Gozag
Hepliaklqana
Kikubaaqudgha
Makhleb
Qazlal
Ru
Sif Muna
Trog
Uskayaw
Yredelemnul
Zin
Beogh

Shops:
D:8 *   Orc:2 ?}([   Lair:2 [**[[*

Annotations:
D:11 vogonpoet's ghost, journeyman HOBe
Shoals:2 Frances


Innate Abilities, Weirdness & Mutations

You are resistant to torment.
Your stone body is resilient. (AC +12)
You are immune to poison.
Your large and strong wings let you fly indefinitely.
You resist negative energy. (rN+)
You are resistant to electric shocks. (rElec)
You can survive without breathing.
You are immune to petrification.
You are immune to rotting.
Scrolls take you a little longer to read.


Message History

* * * LOW HITPOINT WARNING * * *
You block Frances's attack.
Unknown command.
Unknown command.
Evoke which item? (* to show all) (? for menu, Esc to quit)
Okay, then.
You feel yourself speed up. The sun demon closely misses you.
You block the sea snake's attack. The neqoxec gestures at you.
Strange energies course through your body.
Your vision blurs.
You block Frances's attack. The ice devil hits you.
* * * LOW HITPOINT WARNING * * *
The ice devil freezes you! You resist.
* * * LOW HITPOINT WARNING * * *
The sun demon hits you.
* * * LOW HITPOINT WARNING * * *
You are engulfed in flames!!
You die...
Your body crumbles into a pile of gold.

≈≈≈≈≈≈≈≈≈≈≈≈≈≈≈≈
≈≈≈≈≈≈≈≈≈≈≈≈≈≈≈≈
≈≈≈≈≈≈≈≈≈≈≈≈≈≈≈≈
≈≈≈≈≈≈≈≈≈≈≈≈≈≈≈≈
≈≈≈≈≈≈≈≈≈≈≈≈≈≈≈≈
≈≈≈≈≈≈≈≈≈≈≈≈≈≈≈≈
≈≈≈≈≈..≈$≈≈≈≈≈≈≈
≈≈≈≈...$.3..≈≈≈≈
≈≈≈≈≈≈.4@3..≈≈≈≈
≈≈≈≈≈...@S...≈≈≈
≈≈≈.......m.≈≈≈≈
≈≈≈≈..###...≈≈≈≈
≈≈≈≈.. ..≈≈≈≈≈
≈≈≈≈≈. ≈≈≈≈≈≈≈
≈≈≈≈.≈ ≈..≈≈≈≈
≈≈≈ ..≈≈≈≈≈


You could see Frances, a sea snake, a sun demon, an ice devil, a merfolk siren
and a neqoxec.

Vanquished Creatures
  An azure jelly (Lair:6)
  An orc warlord (Orc:1)
  A stone giant (Orc:1)
  Azrael (D:14)
  2 merfolk javelineers (Shoals:1)
  4 death oozes (Lair:6)
  An ettin (D:15)
  4 merfolk impalers
  Snorg (Orc:2)
  2 catoblepae
  4 centaur warriors
  8 two-headed ogres
  3 tengu warriors
  A deep elf knight (D:15)
  A hell knight (D:15)
  A sea snake (Shoals:1)
  A wizard (D:15)
  2 fire crabs
  3 unseen horrors
  Pikel (D:7)
  A lindwurm (Lair:6)
  3 orc knights
  An oklob plant (Lair:6)
  2 deep elf magi
  A manticore (Lair:6)
  5 cyclopes
  5 elephants (Lair:5)
  13 ugly things
  A merfolk siren (Shoals:1)
  A water nymph (Shoals:2)
  4 black mambas
  Maurice (Orc:2)
  4 gargoyles
  Psyche (D:8)
  A torpor snail (shapeshifter) (D:14)
  7 spiny frogs
  2 yaktaurs
  5 komodo dragons
  A harpy zombie (D:14)
  10 polar bears
  A tengu conjurer (D:13)
  A queen bee (Lair:3)
  3 meliai (D:15)
  14 trolls
  12 merfolk
  3 blink frogs (Lair:5)
  5 hippogriffs
  12 dream sheep
  3 raiju (Lair:6)
  11 slime creatures
  A snapping turtle (Shoals:1)
  5 wyverns
  33 yaks
  2 shadows
  2 wraiths
  A human (D:9)
  2 steam dragons
  Grum (D:10)
  2 fire elementals
  3 vampire mosquitoes (D:13)
  3 hungry ghosts
  3 hogs (D:9)
  4 basilisks
  8 wargs
  A soldier ant (D:13)
  2 nagas (Lair:2)
  11 water moccasins
  6 porcupines
  20 hell hounds
  5 ice beasts
  43 orc warriors
  6 sky beasts
  4 slaves
  13 black bears
  A phantom (D:14)
  24 wolves
  An eye of draining (D:13)
  6 necrophages
  15 ogres
  8 crocodiles
  6 centaurs (Orc:2)
  10 bullfrogs
  2 big kobolds
  A gnoll sergeant (D:7)
  2 wyvern skeletons
  25 killer bees (Lair:3)
  4 electric eels
  16 wights
  6 crimson imps
  2 bullfrog zombies
  A centaur zombie (D:9)
  8 hounds
  15 orc priests
  3 bullfrog skeletons
  29 jellies
  21 orc wizards
  8 centaur skeletons
  4 iguanas
  Terence (D:2)
  6 worker ants
  A hound skeleton (D:10)
  2 howler monkey zombies (D:9)
  A worker ant zombie (D:7)
  13 gnolls
  15 adders
  2 shadow imps
  9 oozes (Lair:6)
  2 adder skeletons (D:7)
  An adder zombie (D:6)
  2 leopard geckos
  93 orcs
  5 giant cockroaches
  A goblin (D:1)
  7 hobgoblins
  4 jackals (D:7)
  4 quokkas
  3 ball pythons
  7 bats
  3 jackal skeletons
  10 kobolds
  A quokka zombie (D:6)
  6 rats
  A butterfly (Lair:6)
776 creatures vanquished.

Vanquished Creatures (others)
  2 dancing weapons (D:13)
  A wolf (Lair:6)
  An ooze (Lair:6)
  2 bushes
  A butterfly (Lair:6)
  21 fungi
  30 plants
58 creatures vanquished.

Grand Total: 834 creatures vanquished

Notes
Turn   | Place    | Note
-------+----------+-------------------------------------------
     0 | D:1      | letownia2 the Gargoyle Fighter began the quest for the Orb.
     0 | D:1      | Reached XP level 1. HP: 14/14 MP: 1/1
   220 | D:4      | Found a white marble altar of Elyvilon.
   289 | D:4      | Noticed an iguana
   428 | D:4      | Reached XP level 2. HP: 13/19 MP: 2/2
   532 | D:4      | Reached skill level 3 in Unarmed Combat
   532 | D:4      | Reached XP level 3. HP: 17/23 MP: 3/3
   627 | D:4      | Reached skill level 4 in Unarmed Combat
   773 | D:4      | Reached XP level 4. HP: 23/28 MP: 4/4
   850 | D:4      | Reached skill level 5 in Unarmed Combat
   850 | D:4      | Reached XP level 5. HP: 32/32 MP: 5/5
   943 | D:4      | Found a hide-covered altar of Uskayaw.
   944 | D:4      | Found a bloodstained altar of Trog.
  1361 | D:4      | Found a staircase to the Ecumenical Temple.
  1400 | Temple   | Entered the Ecumenical Temple
  1836 | D:3      | Found a snail-covered altar of Cheibriados.
  1912 | Temple   | Became a worshipper of Gozag Ym Sagoz the Greedy
  2740 | D:2      | Noticed an orc warrior
  2857 | D:2      | Noticed Terence
  2880 | D:2      | Killed Terence
  2880 | D:2      | Reached XP level 6. HP: 14/38 MP: 6/6
  4594 | D:5      | Entered Level 5 of the Dungeon
  4671 | D:5      | Reached skill level 6 in Unarmed Combat
  4698 | D:5      | Noticed an ice beast
  4707 | D:5      | Killed an ice beast
  4707 | D:5      | Reached skill level 5 in Fighting
  4707 | D:5      | Reached XP level 7. HP: 37/44 MP: 7/7
  4929 | D:5      | Found a sacrificial altar of Ru.
  5051 | D:6      | Learned a level 1 spell: Confusing Touch
  5315 | D:5      | Reached skill level 1 in Spellcasting
  5315 | D:5      | Reached skill level 1 in Hexes
  5417 | D:6      | Found a hazy altar of Hepliaklqana.
  5488 | D:6      | Reached XP level 8. HP: 27/51 MP: 10/10
  5629 | D:6      | Reached skill level 7 in Unarmed Combat
  6606 | D:7      | Noticed Pikel
  6608 | D:7      | Reached XP level 9. HP: 54/56 MP: 15/15
  6787 | D:7      | Reached skill level 8 in Unarmed Combat
  6973 | D:7      | Reached skill level 5 in Spellcasting
  7399 | D:7      | Killed Pikel
  7399 | D:7      | Reached skill level 9 in Unarmed Combat
  7482 | D:8      | Reached skill level 10 in Unarmed Combat
  7520 | D:8      | Learned a level 2 spell: Shroud of Golubria
  7523 | D:8      | Learned a level 2 spell: Song of Slaying
  7527 | D:8      | Learned a level 3 spell: Spectral Weapon
  7531 | D:8      | Learned a level 3 spell: Regeneration
  7582 | D:8      | Found Vyoganug's Assorted Antiques.
  7890 | D:8      | Noticed Psyche
  7904 | D:8      | Killed Psyche
  7909 | D:8      | Reached XP level 10. HP: 56/61 MP: 17/17
  8126 | D:9      | Noticed a two-headed ogre
  8145 | D:9      | Killed a two-headed ogre
  8416 | D:9      | Reached skill level 11 in Unarmed Combat
  8487 | D:9      | Noticed a two-headed ogre
  8502 | D:9      | Killed a two-headed ogre
  8502 | D:9      | Reached skill level 1 in Necromancy
  8502 | D:9      | Reached skill level 1 in Translocations
  8502 | D:9      | Reached skill level 1 in Evocations
  8816 | D:9      | Found a blossoming altar of Fedhas.
  9506 | D:10     | Entered Level 10 of the Dungeon
  9519 | D:10     | Reached skill level 5 in Charms
  9556 | D:10     | Noticed Grum
  9594 | D:9      | Reached XP level 11. HP: 42/66 MP: 18/18
  9715 | D:10     | Killed Grum
  9816 | D:10     | Reached skill level 1 in Dodging
 10040 | D:10     | Found a staircase to the Orcish Mines.
 10065 | D:10     | Found a roughly hewn altar of Beogh.
 10195 | D:10     | Learned a level 2 spell: Swiftness
 10200 | D:10     | Learned a level 4 spell: Airstrike
 10203 | D:10     | Learned a level 1 spell: Shock
 10652 | D:11     | Noticed vogonpoet's ghost (journeyman HOBe)
 11244 | D:12     | Reached skill level 5 in Armour
 11367 | D:12     | Noticed a two-headed ogre
 11386 | D:12     | Killed a two-headed ogre
 11531 | D:12     | Noticed a cyan ugly thing
 11548 | D:12     | Killed a cyan ugly thing
 11866 | D:12     | Got a faintly humming shield
 11927 | D:12     | Identified the +7 shield of Wrong Decisions {Regen+ Str-3 Int+3} (You found it on level 12 of the Dungeon)
 12255 | D:11     | Reached skill level 5 in Shields
 12309 | D:11     | Killed an unseen horror
 12316 | D:11     | Found a staircase to the Lair.
 12391 | Lair:1   | Entered Level 1 of the Lair of Beasts
 12672 | Lair:1   | Reached XP level 12. HP: 67/72 MP: 22/22
 13213 | Lair:2   | Bought a scroll labeled ASULIY ZUEM for 34 gold pieces
 13313 | D:8      | Bought 3 scrolls labeled WAUMUQ FEJOA for 111 gold pieces
 13313 | D:8      | Bought a scroll labeled NEEKLU XAAGAUTEUBB for 37 gold pieces
 13677 | Lair:2   | Found a staircase to the Snake Pit.
 14101 | Lair:3   | Noticed a catoblepas
 14254 | Lair:3   | Found a staircase to the Shoals.
 14664 | Lair:3   | Reached skill level 12 in Unarmed Combat
 14753 | Lair:3   | Killed a catoblepas
 14848 | Lair:3   | Got a dazzling chain mail
 14859 | Lair:3   | Identified the +0 chain mail of Rutogyen {+Blink} (You found it on level 3 of the Lair of Beasts)
 15375 | Lair:4   | Reached skill level 10 in Shields
 16236 | Lair:5   | Reached skill level 13 in Unarmed Combat
 16298 | Lair:5   | Reached XP level 13. HP: 71/76 MP: 23/23
 16438 | Lair:5   | You fall through a shaft!
 16438 | Lair:6   | Entered Level 6 of the Lair of Beasts
 16653 | Lair:6   | Noticed a death ooze
 17782 | Lair:6   | Killed a death ooze
 17818 | Lair:6   | Reached skill level 14 in Unarmed Combat
 17900 | Lair:6   | Noticed an azure jelly
 17935 | Lair:6   | Killed an azure jelly
 18276 | Lair:6   | Gained mutation: Your large and strong wings let you fly indefinitely. [Gargoyle growth]
 18276 | Lair:6   | Reached XP level 14. HP: 81/84 MP: 24/24
 18769 | Lair:6   | Found a staircase to the Slime Pits.
 19263 | Lair:2   | Bought an ichor-stained helmet for 256 gold pieces
 19263 | Lair:2   | Bought a scroll labeled IDIAHO REHY for 27 gold pieces
 19263 | Lair:2   | Bought a potion of haste for 270 gold pieces
 19268 | Lair:2   | Identified the +0 helmet of Sohisio {+Inv rElec Regen+ Int-4} (You bought it in a shop on level 2 of the Lair of Beasts)
 19287 | Lair:2   | Learned a level 3 spell: Portal Projectile
 19366 | Orc:1    | Entered Level 1 of the Orcish Mines
 19612 | Orc:1    | Found a roughly hewn altar of Beogh.
 19633 | Orc:2    | Entered Level 2 of the Orcish Mines
 19633 | Orc:2    | Noticed a stone giant
 19654 | Orc:1    | Killed a stone giant
 19696 | Orc:2    | Noticed Maurice
 19825 | Orc:1    | Reached skill level 10 in Fighting
 19987 | Orc:2    | Noticed Snorg
 19988 | Orc:2    | Noticed an orc warlord
 20065 | Orc:1    | Reached skill level 15 in Unarmed Combat
 20093 | Orc:2    | Killed Maurice
 20228 | Orc:1    | Killed an orc warlord
 20691 | Orc:2    | Noticed Nessos
 20717 | Orc:2    | Noticed Nessos
 20717 | Orc:2    | Nessos changed into Nessos the fire crab
 20756 | Orc:2    | Killed Nessos the fire crab
 20949 | Orc:2    | Killed Snorg
 21016 | Orc:2    | Found a staircase to the Elven Halls.
 21180 | Orc:2    | Found Poijaguj's Gadget Shop.
 21180 | Orc:2    | Found Disilo's Weapon Shoppe.
 21180 | Orc:2    | Found Loniytt's Antique Armour Emporium.
 21184 | Orc:2    | Found Qeklo's Magic Scroll Boutique.
 21788 | D:13     | Reached XP level 15. HP: 93/93 MP: 25/25
 22081 | D:13     | Found a gate to the Vaults.
 22252 | D:14     | Noticed Azrael
 22459 | D:14     | Killed Azrael
 22766 | D:14     | Found a basalt altar of Yredelemnul.
 22940 | D:14     | Found a deep blue altar of Sif Muna.
 23129 | Lair:2   | Bought a scroll labeled KIESUL XUVYN for 33 gold pieces
 23259 | D:15     | Entered Level 15 of the Dungeon
 23705 | D:15     | Reached skill level 16 in Unarmed Combat
 23776 | D:15     | Found a staircase to the Depths.
 23794 | D:15     | Reached skill level 15 in Shields
 24719 | Shoals:1 | Entered Level 1 of the Shoals
 24929 | Shoals:1 | Reached XP level 16. HP: 85/101 MP: 26/26
 24982 | Shoals:1 | Got a twisted buckler
 25010 | Shoals:1 | Identified the +2 buckler of Qoeniriz {Int+4 Dex+8} (You found it on level 1 of the Shoals)
 25395 | Shoals:2 | Reached skill level 17 in Unarmed Combat
 25445 | Shoals:2 | Noticed Frances
 25465 | Shoals:2 | Gained mutation: Scrolls take you a little longer to read. [a neqoxec]
 25465 | Shoals:2 | Mangled by a sun demon

Skill      XL: |  1  2  3  4  5  6  7  8  9 10 11 12 13 14 15 16 |
---------------+-------------------------------------------------+-----
Unarmed Combat | 3 4 5 6 7 10 11 13 14 15 16 17 | 17.1
Fighting       | 4 5 6 7 8 10 12 | 12.3
Armour         | 4 5 7 |  7.2
Spellcasting   | 1 4 5 7 |  7.1
Hexes          | 1 2 |  2.0
Charms         | 2 5 |  5.0
Necromancy     | 2 |  2.2
Translocations | 2 |  2.5
Evocations     | 2 3 |  3.0
Dodging        | 2 4 |  4.2
Shields        | 7 10 12 13 15 | 15.1

Action                   |  1- 3 |  4- 6 |  7- 9 | 10-12 | 13-15 | 16-18 || total
-------------------------+-------+-------+-------+-------+-------+-------++-------
Melee: Unarmed           |   105 |   275 |   506 |  1192 |  2244 |   100 ||  4422
       Punch             |       |     4 |    14 |     7 |       |       ||    25
Throw: Javelin           |       |     4 |     7 |    16 |     5 |       ||    32
 Cast: Confusing Touch   |       |       |     8 |    20 |     4 |       ||    32
       Song of Slaying   |       |       |       |    15 |    46 |       ||    61
       Shroud of Golubri |       |       |       |     5 |    35 |       ||    40
Invok: Call Merchant     |       |       |       |     2 |     4 |       ||     6
 Abil: Fly               |       |       |       |       |     1 |       ||     1
Evoke: Wand              |       |       |       |    13 |    21 |     1 ||    35
  Use: Scroll            |       |     5 |     4 |     5 |    10 |     2 ||    26
       Potion            |       |       |       |       |       |     2 ||     2
 Stab: Confused          |       |       |     2 |    17 |     1 |       ||    20
       Distracted        |       |       |       |     2 |    13 |       ||    15
  Eat: Ration            |       |     4 |     1 |    11 |    11 |       ||    27
       Chunk             |       |     1 |     4 |       |       |       ||     5
Armor: Scale mail        |    18 |     9 |    73 |       |       |       ||   100
       Ring mail         |    44 |   104 |       |       |       |       ||   148
       Quicksilver drago |       |       |   174 |   334 |   566 |    25 ||  1099
       Leather armour    |       |       |       |       |    22 |       ||    22
Dodge: Dodged            |    51 |   133 |   189 |   318 |   493 |    15 ||  1199
Block: Buckler           |       |       |       |    56 |       |       ||    56
       Shield            |       |       |       |   410 |  1782 |    89 ||  2281
